AoeStats
← [KMNB] Bandeira

African Clearing

506869560Analyzed
3v3 RM · 18d ago on Sep 15, 2026· 27m 14s· 6 players
Game mode
Random Map
Map size
Normal (6 player)
Population
200
Speed
Normal
Resources
Standard
Victory
Conquest
Starting age
Dark Age
Ending age
Imperial Age
RankedLock teamsTeams togetherTeam positionsShared explorationLock speedFull tech treeHidden civsTurbo modeCheats
Victory
Defeat
🇧🇷 Huns · Brazil
1555
+12
🇧🇷 Hindustanis · Brazil
1515
+13
🇧🇷 Ethiopians · Brazil
1479
+15
🇦🇷 Khmer · Argentina
1538
-17
🇦🇷 Ethiopians · Argentina
1427
-12
🇮🇳 Spanish · India
1399
-11
SP
5:29 Loom
12:51 Feudal Age
13:46 Loom
14:42 Double-Bit Axe
17:00 Castle Age
14:49 Horse Collar
18:16 Bow Saw
18:18 Heavy Plow
25:50 Wheelbarrow
26:51 Gold Mining
TEN PIEDAD
9:12 Loom
11:20 Feudal Age
11:28 Man-at-Arms
11:54 Double-Bit Axe
16:13 Fletching
saksham
4:53 Loom
12:40 Feudal Age
13:57 Feudal Age
14:50 Double-Bit Axe
23:35 Castle Age
21:52 Horse Collar
22:50 Fletching
24:11 Scale Barding Armor
[KMNB] Bandeira
7:26 Loom
12:43 Feudal Age
13:43 Double-Bit Axe
17:23 Forging
19:26 Horse Collar
20:18 Scale Barding Armor
24:37 Castle Age
24:16 Bloodlines
24:06 Gold Mining
24:39 Light Cavalry
[KMNB] Galodoido
9:04 Loom
9:52 Loom
12:06 Feudal Age
15:57 Fletching
18:27 Padded Archer Armor
19:35 Double-Bit Axe
25:27 Castle Age
24:12 Gold Mining
26:29 Bow Saw
25:42 Crossbowman
26:19 Bodkin Arrow
26:56 Leather Archer Armor
28:07 Ballistics
Fs.Khronos
3:10 Loom
12:23 Feudal Age
14:11 Double-Bit Axe
19:57 Castle Age
19:38 Fletching
20:05 Padded Archer Armor
21:00 Bodkin Arrow
25:12 Wheelbarrow
Connection lost

Rejoining the realm…

Still unreachable

The connection could not be restored.

Session expired

The server has moved on; the page needs a fresh start.